 Dungeon Crawl Stone Soup version 0.21.1-1-g345015fe64 (webtiles) character file.

306396 Peloso the Hoplite (level 19, -3/181 HPs)
             Began as a Minotaur Fighter on June 17, 2018.
             Was the Champion of Okawaru.
             Slain by a bardiche of draining (9 damage)
             ... on level 2 of the Elven Halls.
             The game lasted 02:58:38 (47769 turns).

Peloso the Hoplite (Minotaur Fighter)              Turns: 47769, Time: 02:58:39

Health: -3/181     AC: 35    Str: 33    XL:     19   Next: 91%
Magic:  18/20      EV: 19    Int: 10    God:    Okawaru [******]
Gold:   312        SH: 20    Dex: 22    Spells: 19/19 levels left

rFire    + + +     SeeInvis +   a - +8 scimitar of Gatemui {freeze, -Tele rElec Dex+7 Stlth+}
rCold    . . .     Gourm    .   m - +0 shield {AC+3}
rNeg     . . .     Faith    +   b - +6 plate armour of the Doldrums {rCorr Int+5 SInv}
rPois    .         Spirit   .   y - +2 hat {MR+}
rElec    +         Reflect  .   c - scarf {cloud immunity}
rCorr    +         Harm     .   J - +0 pair of gloves of the Heron {Str+2}
MR       ++...     NoTele   +   k - +1 pair of boots {Fly}
Stlth    +.........             x - amulet of faith
HPRegen  0.40/turn              Q - ring "Konou" {rCorr rF++ Dex+3}
MPRegen  0.17/turn              M - ring of Woryc {*Corrode +Fly rF+ Str+4}

@: heroism, flying, drained
A: retaliatory headbutt, horns 2
}: 3/15 runes: decaying, abyssal, gossamer
a: Heroism, Finesse, Renounce Religion, Stop Flying


You were on level 2 of the Elven Halls.
You worshipped Okawaru.
Okawaru was exalted by your worship.
You were not hungry.

You visited 7 branches of the dungeon, and saw 34 of its levels.
You visited the Abyss 2 times.
You also visited: Labyrinth, Trove, Sewer, Bailey and Ice Cave.

You collected 4142 gold pieces.
You spent 3830 gold pieces at shops.

Inventory:

Hand Weapons
 a - the +8 scimitar of Gatemui (weapon) {freeze, -Tele rElec Dex+7 Stlth+}
   (Okawaru gifted it to you on level 11 of the Dungeon)

   It has been specially enchanted to freeze those struck by it, causing extra
   injury to most foes and up to half again as much damage against particularly
   susceptible opponents.
   It can also slow down cold-blooded creatures.
   It affects your dexterity (+7).
   It insulates you from electricity.
   It prevents most forms of teleportation.
   It makes you more stealthy.
 L - a +6 demon blade of flaming
Armour
 b - the +6 plate armour of the Doldrums (worn) {rCorr Int+5 SInv}
   (You bought it in a shop on level 2 of the Orcish Mines)

   It affects your intelligence (+5).
   It lets you see invisible.
   It protects you from acid and corrosion.
 c - a scarf of cloud immunity (worn)
 h - a +0 shield of reflection
 k - a +1 pair of boots of flying (worn)
 m - a +0 shield of protection (worn)
 y - a +2 hat of magic resistance (worn)
 J - the +0 pair of gloves of the Heron (worn) {Str+2}
   (You found it on level 8 of the Dungeon)

   It affects your strength (+2).
 R - the +7 chain mail of True Grit {rElec rPois rF++ MR-}
   (You found it on level 1 of the Swamp)

   It greatly protects you from fire.
   It insulates you from electricity.
   It protects you from poison.
   It affects your resistance to hostile enchantments.
Jewellery
 o - an uncursed ring of see invisible
 x - an amulet of faith (around neck)
 B - an uncursed ring of protection from cold
 M - the ring of Woryc (right hand) {*Corrode +Fly rF+ Str+4}
   (You found it on level 4 of the Lair of Beasts)

   [ring of flight]

   It affects your strength (+4).
   It protects you from fire.
   It lets you fly.
   It may corrode you when you take damage.
 Q - the ring "Konou" (left hand) {rCorr rF++ Dex+3}
   (You found it on level 6 of the Dungeon)

   [ring of resist corrosion]

   It affects your dexterity (+3).
   It greatly protects you from fire.
 X - an uncursed ring of poison resistance
Wands
 K - a wand of digging (17)
Scrolls
 d - 3 scrolls of identify
 p - 10 scrolls of remove curse
 u - a scroll of summoning
 z - 9 scrolls of fear
 F - 5 scrolls of blinking
 V - 3 scrolls of magic mapping
Potions
 g - 20 potions of curing
 j - 5 potions of resistance
 q - 5 potions of might
 w - 6 potions of haste
 N - 3 potions of invisibility
 S - 4 potions of berserk rage
Comestibles
 f - 74 rations
 i - 2 chunks of flesh


   Skills:
 + Level 18.6(22.5) Fighting
 + Level 20.0(23.9) Long Blades
   Level 1.4(5.7) Crossbows
 + Level 1.1(5.4) Throwing
 + Level 17.9(21.9) Armour
 + Level 8.7(12.8) Dodging
 + Level 3.7(7.9) Stealth
 + Level 21.3(25.2) Shields
 + Level 1.2(5.5) Unarmed Combat
 + Level 0.6(0.0) Spellcasting
 + Level 3.3(2.6) Invocations
 + Level 3.7(3.1) Evocations


You had 19 spell levels left.
You didn't know any spells.

Dungeon Overview and Level Annotations

Branches:
Dungeon (15/15)            Temple (1/1) D:4            Lair (6/6) D:11
  Swamp (4/4) Lair:2       Spider (4/4) Lair:3        Slime (0/5) Lair:5
    Orc (2/2) D:10            Elf (2/3) Orc:2        Vaults (0/5) D:14
 Depths (0/5) D:15

Altars:
Cheibriados
Dithmenos
Elyvilon
Fedhas
Hepliaklqana
Kikubaaqudgha
Makhleb
Nemelex Xobeh
Okawaru
Qazlal
Ru
Trog
Uskayaw
Wu Jian
Xom
Yredelemnul
Zin
The Shining One
Jiyva

Shops:
D:6 [   D:13 *   Orc:2 [*[?   Elf:2 =


Innate Abilities, Weirdness & Mutations

You reflexively headbutt those who attack you in melee.
You have a pair of horns on your head.


Message History

You start resting.
A bardiche of draining comes into view.
You gain the combat prowess of a mighty hero.
The bardiche of draining hits you from afar!
* * * LOW HITPOINT WARNING * * *
You feel drained.
* * * LOW HITPOINT WARNING * * *
Items here: ) [[ † a long sword; a leather armour; a buckler; an elf corpse The bardiche of draining hits you.
* * * LOW HITPOINT WARNING * * *
You feel drained.
Okay, then.
You closely miss the bardiche of draining.
You headbutt the bardiche of draining, but do no damage.
Unknown command.
You hit the bardiche of draining but do no damage.
Your headbutt misses the bardiche of draining.
The bardiche of draining hits you!
You die...

...#
#...#........
...#
##............
...#
##.............
..##
#..............
'##
#...(.(.......
.#
##()).........
.#
##.)))........
.#
##..)).........
.#
#...))@........
.#
##.....(.......
.#
##............
.#
#...##.......
.# #...##
##.... .#
#...## #... .#
#... ... '##
#... .. ).##


You could see a bardiche of draining.

Vanquished Creatures
  the Lernaean hydra (Swamp:4)
  Arachne (Spider:2)
  Jorgrun (Elf:2)
  3 thorn hunters
  Agnes (Spider:2)
  A tentacled starspawn (Abyss:2)
  Gastronok (Lair:2)
  Kirke (Spider:4)
  4 ghost moths
  Donald (Spider:1)
  6 emperor scorpions (Spider:4)
  A frost giant (IceCv)
  3 deep elf sorcerers
  An orc warlord (Bailey)
  Louise (D:14)
  2 entropy weavers (Spider:1)
  The ghost of spacerossing the Cleaver, a journeyman DDFi of Makhleb (D:15)
  2 spark wasps
  An ettin (D:15)
  Snorg (Lair:6)
  A minotaur (Lab)
  A deep elf death mage (Elf:2)
  A fire dragon (D:15)
  Harold (Lair:2)
  26 hydras
  3 ice dragons
  3 centaur warriors
  8 two-headed ogres
  6 ghost crabs (Swamp:1)
  17 dancing weapons
  8 alligators
  8 thrashing horrors
  7 death yaks
  An orc high priest (Orc:2)
  A hell knight (D:14)
  11 deep elf knights
  A wretched star (Abyss:2)
  A sixfirhy (Abyss:2)
  12 unseen horrors
  An unseen horror (shapeshifter) (D:13)
  2 large abominations
  7 spriggan druids
  10 swamp dragons
  4 shambling mangroves
  2 wizards
  The ghost of Peloso the Carver, a novice MiFi of Okawaru (D:6)
  3 deep elf archers
  4 ugly things
  A lindwurm (Lair:6)
  Pikel (D:8)
  4 orc knights
  44 deep elf magi
  A necromancer (D:15)
  A harpy (shapeshifter) (Elf:2)
  15 orb spiders
  6 orc sorcerers
  4 cyclopes
  4 slime creatures (Swamp:4)
  4 oklob plants (Lair:5)
  25 wolf spiders
  5 moths of wrath
  A salamander (shapeshifter) (D:15)
  3 manticores
  8 black mambas
  8 elephants
  A guardian serpent (Lair:6)
  A smoke demon (Abyss:3)
  A guardian serpent (shapeshifter) (D:14)
  8 torpor snails
  16 spiny frogs
  4 apocalypse crabs (Swamp:1)
  2 gargoyles
  2 rime drakes
  14 demonic crawlers
  A rime drake (shapeshifter) (Elf:2)
  The ghost of dracomuter the Conjurer, a novice HuCj of Uskayaw (D:4)
  9 komodo dragons
  A redback zombie (D:13)
  A freezing wraith (D:14)
  2 efreet (D:15)
  A queen bee (D:14)
  26 jumping spiders
  3 meliai (D:14)
  18 polar bears
  A hellwing (Abyss:4)
  11 tyrant leeches
  24 hornets
  19 bog bodies
  17 blink frogs
  8 trolls
  7 hippogriffs
  3 dream sheep (Lair:6)
  An alligator skeleton (Abyss:3)
  3 air elementals
  A vampire (D:8)
  A flying skull (Abyss:3)
  19 tarantellas
  62 redbacks
  7 spriggans
  A ynoxinul (Abyss:4)
  2 shadows
  9 wyverns
  2 water elementals
  36 yaks
  2 wraiths
  8 basilisks
  A human (D:8)
  A fire bat (Abyss:3)
  A hog (shapeshifter) (D:14)
  A fire elemental (Elf:2)
  The ghost of P0WERM0DE the Skirmisher, an amateur DsFi (D:3)
  A hungry ghost (D:10)
  25 vampire mosquitoes
  19 insubstantial wisps
  22 swamp worms
  2 acid dragons
  4 wargs
  A soldier ant (D:13)
  20 water moccasins
  12 porcupines
  14 swamp drakes
  3 ice beasts
  42 orc warriors
  An eye of draining (D:11)
  8 black bears
  6 sky beasts
  A slave (D:8)
  A phantom (D:6)
  28 wolves
  12 centaurs
  13 crocodiles
  9 ogres
  2 big kobolds (D:10)
  19 bullfrogs
  A gnoll sergeant (D:10)
  An earth elemental (Elf:1)
  A wyvern skeleton (D:10)
  7 scorpions
  31 killer bees
  5 howler monkeys
  7 electric eels
  A centaur zombie (D:10)
  7 crimson imps
  5 jellies
  A quasit (D:10)
  An iron imp (Abyss:3)
  2 starcursed masses (Abyss:4)
  12 hounds
  6 centaur skeletons
  40 orc wizards
  3 bullfrog skeletons
  31 orc priests
  6 iguanas
  9 worker ants
  3 hound skeletons
  2 worker ant zombies
  19 gnolls
  2 howler monkey skeletons
  2 river rats (D:6)
  15 adders
  5 shadow imps
  2 ufetubi
  An ooze (D:1)
  4 adder skeletons
  2 worms
  3 dart slugs
  6 leopard geckos
  87 orcs
  2 giant cockroaches
  31 goblins
  18 hobgoblins
  15 jackals
  17 kobolds
  6 quokkas
  6 ball pythons
  6 bats
  6 frilled lizards
  2 quokka skeletons
  A quokka zombie (D:7)
  8 rats
  3 briar patches
  4 fungi
  18 plants
1419 creatures vanquished.

Vanquished Creatures (others)
  An unseen horror (D:13)
  A polar bear (IceCv)
  A redback (Spider:3)
  An orc wizard (Orc:2)
  2 orcs
  15 fungi
  2 lurking horrors (Abyss:4)
  20 plants
  2 starspawn tentacles (Abyss:2)
45 creatures vanquished.

Grand Total: 1464 creatures vanquished

Notes
Turn   | Place    | Note
-------+----------+-------------------------------------------
     0 | D:1      | Peloso the Minotaur Fighter began the quest for the Orb.
     0 | D:1      | Reached XP level 1. HP: 19/19 MP: 0/0
    67 | D:1      | Reached XP level 2. HP: 20/27 MP: 1/1
   659 | D:2      | Reached XP level 3. HP: 33/33 MP: 2/2
   662 | D:2      | Reached skill level 4 in Shields
   663 | D:2      | Noticed a scorpion
   677 | D:2      | Killed a scorpion
   677 | D:2      | Reached XP level 4. HP: 5/40 MP: 3/3
   688 | D:2      | HP: 2/40 [poisoned by a scorpion]
   696 | D:2      | HP: 1/40 [poisoned by a scorpion]
  1123 | D:2      | Found a faded altar of an unknown god.
  1481 | D:3      | Noticed P0WERM0DE's ghost (amateur DsFi)
  1499 | D:4      | Reached XP level 5. HP: 41/47 MP: 4/4
  1556 | D:4      | Reached skill level 5 in Armour
  1566 | D:4      | Reached skill level 1 in Dodging
  1840 | D:4      | Reached skill level 5 in Fighting
  1840 | D:4      | Reached XP level 6. HP: 44/56 MP: 5/5
  2065 | D:4      | Noticed dracomuter's ghost (novice HuCj)
  2112 | D:4      | Found a staircase to the Ecumenical Temple.
  2126 | Temple   | Entered the Ecumenical Temple
  2196 | Temple   | Became a worshipper of Warmaster Okawaru
  2476 | D:4      | Killed dracomuter's ghost
  2476 | D:4      | Reached * piety under Okawaru
  2476 | D:4      | Reached skill level 5 in Long Blades
  2476 | D:4      | Reached skill level 5 in Shields
  2476 | D:4      | Reached XP level 7. HP: 55/61 MP: 4/6
  3312 | D:5      | Entered Level 5 of the Dungeon
  3727 | D:5      | Reached ** piety under Okawaru
  3855 | D:5      | Found a glowing golden altar of the Shining One.
  4012 | D:5      | Reached XP level 8. HP: 64/69 MP: 4/7
  4535 | D:3      | Killed P0WERM0DE's ghost
  4535 | D:3      | Reached skill level 1 in Stealth
  4535 | D:3      | Reached skill level 6 in Shields
  5184 | D:6      | Got a glittering bronze ring
  5248 | D:6      | Noticed Peloso's ghost (novice MiFi)
  5274 | D:6      | Killed Peloso's ghost
  5274 | D:6      | Reached *** piety under Okawaru
  5318 | D:6      | Found a glowing drain.
  5334 | Sewer    | Entered a sewer
  5593 | Sewer    | Reached XP level 9. HP: 67/78 MP: 6/8
  6149 | Sewer    | Identified the ring "Konou" {rCorr rF++ Dex+3} (You found it on level 6 of the Dungeon)
  6291 | D:6      | Reached skill level 7 in Shields
  6297 | D:6      | Found Kaip Gipt's Antique Weapon Emporium.
  6379 | D:6      | Found Yhusahe's Armour Shoppe.
  7261 | D:7      | Reached skill level 8 in Shields
  7492 | D:7      | Reached **** piety under Okawaru
  7560 | D:7      | Reached skill level 10 in Long Blades
  7969 | D:8      | Reached XP level 10. HP: 58/86 MP: 4/9
  8113 | D:8      | Found a bloodstained altar of Trog.
  8224 | D:8      | Noticed a two-headed ogre
  8232 | D:8      | Killed a two-headed ogre
  8466 | D:8      | Got a pair of heavily runed gloves
  8472 | D:8      | Identified the +0 pair of gloves of the Heron {Str+2} (You found it on level 8 of the Dungeon)
  8664 | D:8      | Noticed Pikel
  8678 | D:8      | Killed Pikel
  8678 | D:8      | Reached skill level 9 in Shields
  8954 | D:9      | Reached skill level 1 in Invocations
  8956 | D:9      | Reached skill level 10 in Armour
  9421 | D:9      | Noticed a two-headed ogre
  9427 | D:9      | Killed a two-headed ogre
  9427 | D:9      | Reached ***** piety under Okawaru
  9427 | D:9      | Reached skill level 10 in Shields
  9519 | D:9      | Noticed a two-headed ogre
  9535 | D:9      | Killed a two-headed ogre
  9535 | D:9      | Received a gift from Okawaru
  9539 | D:9      | Reached XP level 11. HP: 66/95 MP: 6/10
 10026 | D:10     | Entered Level 10 of the Dungeon
 10264 | D:10     | Noticed a two-headed ogre
 10276 | D:10     | Killed a two-headed ogre
 10380 | D:10     | Reached skill level 11 in Shields
 10389 | D:10     | Killed an unseen horror
 10502 | D:10     | Noticed a wizard
 10509 | D:10     | Killed a wizard
 10897 | D:10     | Found a staircase to the Orcish Mines.
 11445 | D:11     | Noticed a white ugly thing
 11463 | D:11     | Killed a white ugly thing
 11572 | D:11     | Found a staircase to the Lair.
 11575 | D:11     | Noticed a four-headed hydra
 11586 | D:11     | Killed a one-headed hydra
 11734 | D:11     | Reached XP level 12. HP: 105/106 MP: 9/12
 11880 | D:11     | Received a gift from Okawaru
 11910 | D:11     | Got a transparent scimitar {god gift}
 11911 | D:11     | Identified the +8 scimitar of Gatemui {freeze, -Tele rElec Dex+7 Stlth+} (Okawaru gifted it to you on level 11 of the Dungeon)
 12197 | D:11     | Reached skill level 10 in Fighting
 12727 | Lair:1   | Entered Level 1 of the Lair of Beasts
 12797 | Lair:1   | Found a frozen archway.
 12815 | IceCv    | Entered an ice cave
 12902 | IceCv    | Got a polished hand crossbow
 12941 | IceCv    | Reached skill level 12 in Shields
 12975 | IceCv    | Reached ****** piety under Okawaru
 12982 | IceCv    | Identified the cursed +1 hand crossbow of the Curious Lies {penet, rC- MR+ Str+8 Int+4} (You found it in an ice cave)
 13003 | IceCv    | Received a gift from Okawaru
 13033 | IceCv    | Noticed a death yak
 13043 | IceCv    | Killed a death yak
 13439 | IceCv    | Noticed a frost giant
 13463 | IceCv    | Killed a frost giant
 13463 | IceCv    | Received a gift from Okawaru
 14502 | Lair:1   | Noticed a six-headed hydra
 14512 | Lair:1   | Killed a one-headed hydra
 14515 | Lair:1   | Reached XP level 13. HP: 87/117 MP: 11/13
 15825 | Lair:2   | Noticed Harold
 15837 | Lair:2   | Killed Harold
 15857 | Lair:2   | Noticed Gastronok
 15861 | Lair:2   | Reached skill level 1 in Evocations
 15871 | Lair:2   | Killed Gastronok
 15871 | Lair:2   | Reached skill level 15 in Long Blades
 16156 | Lair:2   | Received a gift from Okawaru
 16368 | Lair:2   | Found a staircase to the Swamp.
 16595 | Lair:2   | Identified a scroll of acquirement
 16747 | Lair:3   | Found a hole to the Spider Nest.
 16833 | Lair:3   | Reached skill level 13 in Shields
 17500 | Lair:4   | Reached skill level 5 in Dodging
 18536 | Lair:4   | Got the ring of Woryc {+Fly}
 18546 | Lair:4   | Identified the ring of Woryc {*Corrode +Fly rF+ Str+4} (You found it on level 4 of the Lair of Beasts)
 18968 | Lair:5   | Received a gift from Okawaru
 19005 | Lair:5   | Got a crude chain mail {god gift}
 19011 | Lair:5   | Identified the +0 chain mail of the Slorg {Str+6 Dex-3} (Okawaru gifted it to you on level 5 of the Lair of Beasts)
 19030 | Lair:5   | Reached XP level 14. HP: 74/129 MP: 12/15
 20320 | Lair:5   | Found a staircase to the Slime Pits.
 20320 | Lair:5   | Found a viscous altar of Jiyva.
 20401 | Lair:6   | Entered Level 6 of the Lair of Beasts
 20437 | Lair:6   | Noticed Snorg
 20453 | Lair:6   | Killed Snorg
 20701 | Lair:6   | Found a runed door.
 20755 | Lair:6   | Received a gift from Okawaru
 21390 | Lair:6   | Reached skill level 14 in Shields
 21945 | Lair:6   | Received a gift from Okawaru
 22359 | Lair:6   | Reached skill level 15 in Armour
 24308 | D:13     | Reached XP level 15. HP: 105/139 MP: 13/16
 24406 | D:13     | Found Ohenog's General Store.
 24433 | D:13     | Received a gift from Okawaru
 24444 | D:13     | Found a labyrinth entrance.
 24448 | Lab      | Entered a labyrinth
 24656 | Lab      | Got a crystal shortbow
 24683 | Lab      | Identified the +8 shortbow of True Grit {velocity, rN+} (You took it off a minotaur in a labyrinth)
 24910 | D:13     | Bought a scroll of brand weapon for 260 gold pieces
 24910 | D:13     | Bought a scroll of magic mapping for 45 gold pieces
 24910 | D:13     | Bought a +2 shield of positive energy for 240 gold pieces
 25972 | D:14     | Found a gate to the Vaults.
 25979 | D:14     | Received a gift from Okawaru
 26053 | D:14     | Found a flagged portal.
 26210 | Bailey   | Entered a bailey
 26916 | Bailey   | Noticed an orc warlord
 26939 | Bailey   | Killed an orc warlord
 26939 | Bailey   | Reached skill level 15 in Fighting
 26939 | Bailey   | Reached skill level 15 in Shields
 27000 | Bailey   | Got an ebony dire flail
 27004 | Bailey   | Identified the +9 dire flail "Got Och" {flame, Str+4} (You found it in a bailey)
 27283 | D:14     | Noticed Louise
 27315 | D:14     | Cast into level 2 of the Abyss (Louise)
 27320 | Abyss:2  | Noticed a tentacled starspawn
 27325 | Abyss:2  | Killed a tentacled starspawn
 27464 | Abyss:2  | Paralysed by accursed screaming for 1 turns
 27467 | Abyss:2  | Paralysed by accursed screaming for 2 turns
 27474 | Abyss:2  | Found a corrupted altar of Lugonu.
 27481 | D:14     | Escaped the Abyss
 27494 | D:14     | Killed Louise
 28411 | Lair:1   | Reached skill level 1 in Crossbows
 28411 | Lair:1   | Reached skill level 1 in Throwing
 28411 | Lair:1   | Reached skill level 1 in Unarmed Combat
 28411 | Lair:1   | Reached XP level 16. HP: 149/149 MP: 17/17
 28497 | Orc:1    | Entered Level 1 of the Orcish Mines
 28506 | Orc:1    | Received a gift from Okawaru
 28708 | Orc:2    | Entered Level 2 of the Orcish Mines
 28708 | Orc:2    | Found a staircase to the Elven Halls.
 29799 | Orc:2    | Reached skill level 16 in Shields
 29935 | Orc:2    | Found Peghejest's Antique Armour Shoppe.
 29935 | Orc:2    | Found Lemaro Ramu's Antique Armour Emporium.
 29939 | Orc:2    | Found Odghodeb's Magic Scroll Emporium.
 29943 | Orc:2    | Found Itaugo Xag's General Store.
 29950 | Orc:2    | Bought a scroll of blinking for 105 gold pieces
 29950 | Orc:2    | Bought a scroll of enchant armour for 105 gold pieces
 29951 | Orc:2    | Bought a scroll of brand weapon for 340 gold pieces
 29951 | Orc:2    | Bought a scroll of acquirement for 884 gold pieces
 29952 | Orc:2    | Bought an ichor-stained chain mail for 294 gold pieces
 29953 | Orc:2    | Bought a twisted chain mail for 304 gold pieces
 29965 | Orc:2    | Identified the +2 chain mail of a Million Tables {rN++ Str+5 Int-2} (You bought it in a shop on level 2 of the Orcish Mines)
 29975 | Orc:2    | Identified the +1 chain mail of the Secret Places {MR+ Int+3} (You bought it in a shop on level 2 of the Orcish Mines)
 30601 | D:15     | Entered Level 15 of the Dungeon
 31014 | D:15     | Noticed spacerossing's ghost (journeyman DDFi)
 31030 | D:15     | Killed spacerossing's ghost
 31490 | D:15     | Reached XP level 17. HP: 132/156 MP: 15/18
 32057 | D:15     | Found a staircase to the Depths.
 32523 | Swamp:1  | Entered Level 1 of the Swamp
 32702 | Swamp:1  | Received a gift from Okawaru
 33023 | Swamp:1  | Found a runed door.
 33102 | Swamp:1  | Reached skill level 17 in Shields
 33229 | Swamp:1  | Got a twisted chain mail
 33242 | Swamp:1  | Identified the +7 chain mail of True Grit {rElec rPois rF++ MR-} (You found it on level 1 of the Swamp)
 34488 | Swamp:3  | Received a gift from Okawaru
 34513 | Swamp:3  | Got a transparent quarterstaff {god gift}
 35266 | Lair:1   | Identified the +5 quarterstaff of Anger {protect, MP+9 Dex+2} (Okawaru gifted it to you on level 3 of the Swamp)
 35460 | Spider:1 | Entered Level 1 of the Spider Nest
 36247 | Spider:1 | Noticed Donald
 36257 | Spider:1 | Killed Donald
 36852 | Spider:1 | Reached skill level 18 in Shields
 37240 | Spider:1 | Reached XP level 18. HP: 166/168 MP: 19/19
 37668 | Spider:2 | Received a gift from Okawaru
 38053 | Spider:2 | Noticed Agnes
 38059 | Spider:2 | Killed Agnes
 38254 | Spider:2 | Noticed Arachne
 38276 | Spider:2 | Killed Arachne
 39871 | Spider:4 | Entered Level 4 of the Spider Nest
 40183 | Spider:4 | Got a pitted hand crossbow
 40185 | Spider:4 | Identified the +5 hand crossbow of Generosity {elec, rN+ Int+4} (You found it on level 4 of the Spider Nest)
 40212 | Spider:4 | Received a gift from Okawaru
 40230 | Spider:4 | Reached skill level 19 in Shields
 41052 | Spider:4 | Got a gossamer rune of Zot
 41106 | Spider:4 | Noticed Kirke
 41117 | Spider:4 | Killed Kirke
 41724 | Orc:2    | Bought a bloodstained plate armour for 868 gold pieces
 41735 | Orc:2    | Identified the +6 plate armour of the Doldrums {rCorr Int+5 SInv} (You bought it in a shop on level 2 of the Orcish Mines)
 41742 | Orc:2    | Bought a pair of embroidered boots for 232 gold pieces
 41995 | Swamp:4  | Entered Level 4 of the Swamp
 42091 | Swamp:4  | Received a gift from Okawaru
 42707 | Swamp:4  | Noticed the 27-headed Lernaean hydra
 42708 | Swamp:4  | Reached XP level 19. HP: 178/178 MP: 20/20
 42721 | Swamp:4  | Killed the 21-headed Lernaean hydra
 42721 | Swamp:4  | Reached skill level 20 in Shields
 42804 | Swamp:4  | Got a decaying rune of Zot
 43660 | Elf:1    | Entered Level 1 of the Elven Halls
 44212 | Elf:1    | Identified the Compendium of Creative Attacks
 44255 | Elf:1    | Received a gift from Okawaru
 44557 | Elf:1    | Found a portal to a secret trove of treasure.
 44815 | Elf:2    | Cast into level 2 of the Abyss (a deep elf sorcerer)
 45064 | Abyss:4  | Received a gift from Okawaru
 45098 | Abyss:4  | Got an abyssal rune of Zot
 45204 | Elf:2    | Escaped the Abyss
 45827 | Elf:2    | Reached skill level 21 in Shields
 45910 | Elf:2    | Found Ololeh's Jewellery Emporium.
 46258 | Elf:2    | Found a runed gate.
 46258 | Elf:2    | Found a runed gate.
 46258 | Elf:2    | Found a runed gate.
 46357 | Orc:2    | Bought 3 scrolls of teleportation for 153 gold pieces
 46901 | Elf:1    | You paid a toll of 13 scrolls of teleportation to enter a treasure trove
 46902 | Trove    | Entered a treasure trove
 46964 | Trove    | Got a sparkling jade amulet
 46966 | Trove    | Got a pitted emerald amulet
 46976 | Trove    | Identified Qiheg's Disquisition on Shifting Curses
 46982 | Trove    | Identified the amulet of the Pariah {Inacc SInv} (You found it in a treasure trove)
 46983 | Trove    | Identified the amulet of Meliosh {Gourm +Fly rElec} (You found it in a treasure trove)
 47706 | Elf:2    | Noticed Jorgrun
 47714 | Elf:2    | Killed Jorgrun
 47766 | Elf:2    | HP: 8/181 [bardiche of draining (6)]
 47769 | Elf:2    | Slain by a bardiche of draining

Skill      XL: |  1  2  3  4  5  6  7  8  9 10 11 12 13 14 15 16 17 18 19 |
---------------+----------------------------------------------------------+-----
Fighting       | 4 5 6 7 8 9 11 13 14 15 16 17 18 | 18.6
Armour         | 4 5 6 7 9 10 11 12 13 15 16 17 | 17.9
Shields        | 4 5 6 8 10 11 12 13 14 15 16 18 19 21 | 21.3
Long Blades    | 3 4 5 6 8 10 11 13 14 15 16 17 18 19 20 | 20.0
Dodging        | 1 2 3 4 5 6 7 8 |  8.7
Stealth        | 1 2 3 |  3.7
Invocations    | 1 2 3 |  3.3
Evocations     | 2 3 |  3.7
Crossbows      | 1 |  1.4
Throwing       | 1 |  1.1
Unarmed Combat | 1 |  1.2
Spellcasting   | |  0.6

Action                   |  1- 3 |  4- 6 |  7- 9 | 10-12 | 13-15 | 16-18 | 19-21 || total
-------------------------+-------+-------+-------+-------+-------+-------+-------++-------
Melee: Long sword        |    44 |   108 |   557 |   566 |    56 |       |       ||  1331
       Headbutt          |     8 |    18 |   151 |   254 |   349 |   442 |   127 ||  1349
       Hand axe          |       |       |       |     6 |       |       |       ||     6
       Scimitar          |       |       |       |   165 |   926 |   693 |   154 ||  1938
       Demon blade       |       |       |       |       |     2 |   676 |   300 ||   978
Invok: Heroism           |       |       |     5 |     6 |     6 |     9 |     3 ||    29
       Finesse           |       |       |       |       |       |       |     1 ||     1
 Abil: Evoke Flight      |       |       |       |       |     1 |       |       ||     1
Evoke: Wand              |       |       |       |       |    36 |       |     1 ||    37
  Use: Scroll            |     3 |     1 |     5 |    15 |    16 |     9 |     6 ||    55
       Potion            |       |     1 |     2 |     1 |     1 |     2 |     9 ||    16
 Stab: Distracted        |       |       |       |       |     1 |     2 |       ||     3
       Sleeping          |       |       |       |       |     1 |       |       ||     1
  Eat: Chunk             |       |     5 |    31 |    18 |    29 |    32 |     8 ||   123
       Ration            |       |       |       |       |     4 |     4 |     3 ||    11
Armor: Scale mail        |    26 |    72 |    57 |       |       |       |       ||   155
       Chain mail        |       |       |    50 |       |   233 |   476 |       ||   759
       Plate armour      |       |       |    58 |   371 |   156 |    63 |   208 ||   856
Dodge: Dodged            |     7 |    64 |   125 |   239 |   430 |   663 |   173 ||  1701
Block: Shield            |    20 |    82 |   225 |   116 |   265 |  1232 |   340 ||  2280
       Buckler           |       |       |       |   169 |   254 |       |       ||   423
       Rpst.: Long sword |       |    19 |    27 |    33 |     3 |       |       ||    82
       Scimitar          |       |       |       |    15 |    91 |    67 |    13 ||   186
       Demon blade       |       |       |       |       |       |    42 |    20 ||    62
